 Dungeon Crawl Stone Soup version 0.31.0-11-ge490571c62 (webtiles) character file.

Game seed: 5616768882607501830

260 Arcadio the Sneak (level 6, 0/49 HPs)
             Began as a Naga Ice Elementalist on Jan 29, 2024.
             Was a Follower of Ashenzari.
             Succumbed to Sigmund's poison
             ... on level 2 of the Dungeon.
             The game lasted 00:05:02 (1715 turns).

Arcadio the Sneak (Naga Ice Elementalist)           Turns: 1715, Time: 00:05:02

Health: 0/49       AC: 10    Str: 10    XL:     6   Next: 17%
Magic:  6/11       EV: 10    Int: 18    God:    Ashenzari [*.....]
Gold:   79         SH:  0    Dex: 11    Spells: 8/12 levels left

rFire   . . .        c - +0 mace "At What Cost Knowledge?" {protect, Elem, Range} (curse)
rCold   . . .        (no shield)
rNeg    . . .        a - +0 robe of Ashenzari's Black Moon {Melee, Cun} (curse)
rPois   +            (no helmet)
rElec   .            (no cloak)
rCorr   .            (no gloves)
SInv    +            (no barding)
Will    .....        (no amulet)
Stlth   +++          (no ring)
HPRegen 0.28/turn    (no ring)
MPRegen 0.12/turn

%: no passive effects
@: lethally poisoned (0 -> -5), under a protective aura, very slow
A: AC +2, large, see invisible, deformed body, poison resistance, slowness 2,
spit poison 1, naga tail 1
a: Spit Poison, Renounce Religion, Shatter the Chains


You were on level 2 of the Dungeon.
You worshipped Ashenzari.
Ashenzari was aware of your devotion.
You visited 1 branch of the dungeon, and saw 2 of its levels.

You collected 79 gold pieces.

Inventory:

Hand Weapons
 c - the cursed +0 mace "At What Cost Knowledge?" (weapon) {protect, Elem, Range}
   (You found it on level 1 of the Dungeon)

   It has a curse which improves the following skills: Elements: Fire Magic, Ice
   Magic, Air Magic and Earth Magic.
   Ranged Combat: Ranged Weapons and Throwing.
Armour
 a - the cursed +0 robe of Ashenzari's Black Moon (worn) {Melee, Cun}

   It has a curse which improves the following skills: Melee Combat: Short
   Blades, Long Blades, Axes, Maces & Flails, Polearms, Staves and Unarmed
   Combat.
   Cunning:   Dodging and Stealth.
Scrolls
 e - a scroll of immolation
 f - 2 scrolls of teleportation
 h - a scroll of revelation
 i - a scroll of poison
Potions
 b - a potion of magic
 d - a potion of mutation
 g - a potion of attraction


   Skills:
 - Level 1.6(2.2) Dodging
 + Level 6.2(7.0) Stealth
 + Level 3.6 Spellcasting
 + Level 5.2(6.0) Ice Magic


You had 8 spell levels left.
You knew the following spells:

 Your Spells              Type           Power      Damage    Failure   Level
a - Freeze                Ice            100%       1d10      1%          1
b - Frozen Ramparts       Ice            50%        1d8       3%          3

Your spell library contained the following spells:

 Spells                   Type           Power      Damage    Failure   Level
 Ozocubu's Armour         Ice            25%        N/A       3%          3
 Summon Ice Beast         Ice/Summ       14%        N/A       13%         3
 Fugue of the Fallen      Necr           3%         N/A       43%         3
 Manifold Assault         Tloc           3%         N/A       83%         4


Dungeon Overview and Level Annotations

Branches:
Dungeon (2/15)

Altars:
Ashenzari


Innate Abilities, Weirdness & Mutations

Your serpentine skin is tough. (AC +2)
You have supernaturally acute eyesight. (SInv)
Armour fits poorly on your strangely shaped body.
Your system is resistant to poisons. (rPois)
You cover ground very slowly.
You can spit poison.
You have a snake-like lower body.


Message History

You feel sick.
You aren't carrying any items that you can evoke.
You feel sick.
The wall freezes Sigmund.
Sigmund hits you from afar with a +0 scythe of venom.
You feel sick.
The wall freezes Sigmund.
Sigmund hits you from afar with a +0 scythe of venom!
You have got your breath back.
You feel sick.
The frozen ramparts melt away.
You feel sick.
Sigmund hits you from afar with a +0 scythe of venom.
You are lethally poisoned!
Okay, then.
Aiming: Spit Poison (1% risk of failure)
Press: ? - help, Q - select action, (/) - cycle Shift-Dir - straight line, f/p - Sigmund
Aim: Sigmund, wielding a +0 scythe of venom and wearing a +0 robe (severely wounded, 54% to hit)
The splash of poison hits Sigmund.
Sigmund is almost dead.
You feel very sick. Sigmund closely misses you.
* * * LOW HITPOINT WARNING * * *
You feel very sick.
Sigmund hits you with a +0 scythe of venom.
* * * LOW HITPOINT WARNING * * *
You hit Sigmund.
Your weapon exudes an aura of protection.
You kill Sigmund!
* * * LOW HITPOINT WARNING * * *
You feel sick.
Your base Stealth skill increases to level 6!
Your Spellcasting skill increases to level 3!
Your base Ice Magic skill increases to level 5!
You have reached level 5!
You have reached level 6!
Your skin feels tougher.
Okay, then.
There is a lethal amount of poison in your body!
There is a lethal amount of poison in your body!
There is a lethal amount of poison in your body!
You have got your breath back.
You die...

#..........''..........
#..........##...#######
#.<........##...#
#..........##...#
#..........##...#
######.######...#
########.# #...#
.........######...#######
........@.)..............
.........################
.........##########
.....^............#
#########.#######.#
#.#.....#.# #.#.###.#.#
#.#.# #.#.# #.#.# #.#.#


There were no monsters in sight!

Vanquished Creatures
  Sigmund (D:2)
  Jessica (D:2)
  2 adders (D:2)
  A dart slug (D:1)
  7 endoplasms
  3 giant cockroaches
  3 goblins
  5 hobgoblins
  3 kobolds
  4 ball pythons (D:1)
  6 bats
  14 frilled lizards (D:1)
  6 rats
56 creatures vanquished.

Notes
Turn   | Place    | Note
-------+----------+-------------------------------------------
     0 | D:1      | Arcadio the Naga Ice Elementalist began the quest for the
                  | Orb.
     0 | D:1      | Reached XP level 1. HP: 15/15 MP: 3/3
   304 | D:1      | Reached XP level 2. HP: 12/22 MP: 5/5
   596 | D:1      | Reached XP level 3. HP: 10/28 MP: 1/6
   691 | D:1      | Reached skill level 4 in Stealth
   704 | D:1      | Found a faded altar of an unknown god.
   738 | D:1      | Prayed at the altar of an unknown god.
   738 | D:1      | Became a worshipper of Ashenzari the Shackled
  1042 | D:2      | Noticed Jessica
  1046 | D:2      | Killed Jessica
  1047 | D:2      | Reached XP level 4. HP: 36/36 MP: 6/8
  1220 | D:2      | Noticed Sigmund
  1307 | D:2      | Learned a level 3 spell: Frozen Ramparts
  1584 | D:2      | Reached * piety under Ashenzari
  1645 | D:2      | Reached skill level 5 in Stealth
  1714 | D:2      | Killed Sigmund
  1714 | D:2      | HP: 1/36 [poisoned by Sigmund]
  1715 | D:2      | Reached skill level 6 in Stealth
  1715 | D:2      | Reached skill level 5 in Ice Magic
  1715 | D:2      | Reached XP level 5. HP: 1/42 MP: 6/10
  1715 | D:2      | Reached XP level 6. HP: 1/49 MP: 6/11
  1715 | D:2      | Succumbed to Sigmund's poison

Illustrated notes

Levels and vault maps discovered:
D:1:      eino_arrival_water_star, layout_basic,
          shapermc_ecumenical_altar_starsandcircs, minmay_lizard_pond
D:2:      layout_basic, uniq_sigmund, uniq_jessica

Skill      XL: |  1  2  3  4 |
---------------+-------------+-----
Stealth        | 4 6 |  6.2
Spellcasting   | 3 |  3.6
Ice Magic      | 5 |  5.2
Dodging        | |  1.6

Action                     |  1- 3 |  4- 6 || total
---------------------------+-------+-------++-------
  Melee: Mace              |    80 |    50 ||   130
         Unarmed           |     7 |       ||     7
   Cast: Freeze            |    15 |     3 ||    18
         Frozen Ramparts   |       |     1 ||     1
 Invoke: Curse Item        |     1 |     1 ||     2
Ability: Spit Poison       |     6 |     5 ||    11
   Stab: Sleeping          |     5 |     3 ||     8
 Armour: Robe              |    90 |    49 ||   139
  Dodge: Dodged            |    71 |    52 ||   123
